 Dungeon Crawl Stone Soup version 0.15.1 (webtiles) character file.

1062 DrPain the Covert (level 8, 0/37 HPs)
             Began as a Spriggan Assassin on Sept 17, 2014.
             Succumbed to a worker ant's poison
             ... on Level 6 of the Dungeon.
             The game lasted 00:17:30 (7701 turns).

DrPain the Covert (Spriggan Assassin)               Turns: 7701, Time: 00:17:30

HP   0/37        AC  3     Str  7      XL: 8   Next:  6%
MP  16/16        EV 24     Int 12      God:
Gold 275         SH  0     Dex 22      Spells:  0 memorised,  7 levels left

rFire  . . .     SeeInvis +     W - +0 long sword
rCold  . . .     Clarity  .     c - +0 robe
rNeg   . . .     rCorr    +     (shield restricted)
rPois  .         rRot     .     (helmet restricted)
rElec  .         Spirit   .     d - +0 cloak
SustAb .         Warding  .     (gloves unavailable)
rMut   .         Stasis   .     (boots unavailable)
Gourm  .                        l - amulet of resist corrosion
MR     +....                    (no ring)
                                n - +2 ring of dexterity

@: lethally poisoned, very quick, somewhat resistant to hostile enchantments,
quite stealthy
A: unfitting armour, see invisible, herbivore 3, speed 3, slow metabolism 2
a: no special abilities


You were on level 6 of the Dungeon.
You were not hungry.

You visited 1 branch of the dungeon, and saw 6 of its levels.

You collected 275 gold pieces.

Inventory:

Hand weapons
 f - a +0 blowgun
 w - a +2 dagger
 W - a +0 long sword (weapon)
Missiles
 b - 2 curare-tipped needles
 e - 21 poisoned needles
 i - 9 tomahawks (quivered)
Armour
 c - a +0 robe (worn)
 d - a +0 cloak (worn)
Magical devices
 j - a wand of disintegration (15)
 p - a wand of paralysis (8)
Comestibles
 k - 2 bread rations
 u - a slice of pizza
Scrolls
 a - 3 scrolls of fog
 m - 4 scrolls of teleportation
 q - 3 scrolls of remove curse
 s - a scroll of amnesia
Jewellery
 l - an amulet of resist corrosion (around neck)
 n - a +2 ring of dexterity (left hand)
 r - an uncursed ring of ice
Potions
 g - a potion of porridge
 h - a potion of heal wounds
 o - a potion of magic
 t - a potion of restore abilities


   Skills:
 - Level 1.5 Fighting
 - Level 5.0(6.3) Short Blades
 - Level 4.4(5.1) Long Blades
 - Level 2.1 Throwing
 + Level 6.3 Dodging
 - Level 9.2 Stealth


You had 7 spell levels left.
You didn't know any spells.

Dungeon Overview and Level Annotations

Branches:
Dungeon (6/15)             Temple (0/1) D:4

Altars:

Annotations:
D:3 dongtrain's ghost, average HEAE
D:4 Phlounder's ghost, average GrFE
D:6 DrPain's ghost, experienced SpAs


Innate Abilities, Weirdness & Mutations

You are tiny and cannot use many weapons and most armour.
You have supernaturally acute eyesight.
You are a herbivore.
You cover ground extremely quickly.
You need consume almost no food.


Message History

* * * LOW HITPOINT WARNING * * *
You feel sick.
* * * LOW HITPOINT WARNING * * *
You feel sick.
* * * LOW HITPOINT WARNING * * *
You feel sick.
A steam dragon zombie comes into view.
Found a stone staircase leading up.
* * * LOW HITPOINT WARNING * * *
You feel sick.
The steam dragon zombie moves out of view.
* * * LOW HITPOINT WARNING * * *
You feel sick.
You open the door.
* * * LOW HITPOINT WARNING * * *
You feel sick.
There is an open door here.
* * * LOW HITPOINT WARNING * * *
You feel sick.
You die...

### ### #.### ...
+.... #<# #### #####
##.## ... # ... ..
.. #.# .# .
##+##.####+##.###.##
#.......'a..@......+
#..##...#..........#
#..##+############.#
#..##.#########
#.........h....
#..##'##.##+###
##+##.# # #..##.#
#.....+


You could see a worker ant.

Vanquished Creatures
  A sky beast (D:5)
  2 ogres
  A giant frog (D:6)
  A scorpion (D:5)
  2 jellies (D:5)
  2 crimson imps
  3 hounds
  A goliath beetle (D:6)
  A giant frog skeleton (D:3)
  A worker ant (D:4)
  2 orc wizards (D:4)
  An iguana (D:4)
  A hound skeleton (D:4)
  9 adders
  3 giant mites
  3 worms
  A shadow imp (D:5)
  An ooze (D:3)
  5 giant geckos
  5 orcs (D:4)
  2 ball pythons (D:4)
  A bat skeleton (D:4)
  4 giant cockroaches
  11 hobgoblins
  16 jackals
  11 kobolds
  13 bats
  8 giant newts
  11 goblins
  5 quokkas
  11 rats
  A rat skeleton (D:3)
140 creatures vanquished.

Vanquished Creatures (others)
  A fungus (D:4)
1 creature vanquished.

Grand Total: 141 creatures vanquished

Notes
Turn   | Place    | Note
--------------------------------------------------------------
     0 | D:1      | DrPain, the Spriggan Assassin, began the quest for the Orb.
     0 | D:1      | Reached XP level 1. HP: 10/10 MP: 2/2
   182 | D:1      | Reached XP level 2. HP: 12/14 MP: 4/4
   945 | D:2      | Reached XP level 3. HP: 10/18 MP: 6/6
  1385 | D:2      | Reached XP level 4. HP: 22/22 MP: 8/8
  1436 | D:2      | Reached skill level 5 in Short Blades
  1733 | D:3      | Noticed dongtrain's ghost (average HEAE)
  2021 | D:3      | Reached skill level 6 in Stealth
  2416 | D:3      | Reached skill level 7 in Stealth
  2416 | D:3      | Reached XP level 5. HP: 15/25 MP: 10/10
  2778 | D:3      | Noticed an ogre
  2789 | D:3      | Killed an ogre
  2789 | D:3      | Reached skill level 8 in Stealth
  3218 | D:3      | Reached skill level 9 in Stealth
  3301 | D:4      | Noticed Phlounder's ghost (average GrFE)
  3331 | D:4      | Reached XP level 6. HP: 30/30 MP: 12/12
  4022 | D:4      | Noticed an ogre
  4275 | D:4      | Killed an ogre
  4322 | D:4      | Reached skill level 5 in Dodging
  4435 | D:4      | Found a staircase to the Ecumenical Temple.
  4441 | D:4      | Reached skill level 1 in Long Blades
  4441 | D:4      | Reached XP level 7. HP: 12/33 MP: 14/14
  4891 | D:5      | Entered Level 5 of the Dungeon
  7337 | D:6      | Reached XP level 8. HP: 37/37 MP: 16/16
  7616 | D:6      | Noticed DrPain's ghost (experienced SpAs)
  7698 | D:6      | HP: 1/37 [poisoned by a worker ant]
  7701 | D:6      | Succumbed to a worker ant's poison

Action                   |  1- 3 |  4- 6 |  7- 9 || total
-------------------------+-------+-------+-------++-------
Melee: Dagger            |   116 |   155 |    52 ||   323
       Falchion          |       |     4 |       ||     4
       Long sword        |       |    67 |   165 ||   232
 Fire: Blowgun           |     3 |    11 |    19 ||    33
Evoke: Wand              |       |     1 |     1 ||     2
  Use: Scroll            |     4 |     4 |     2 ||    10
       Potion            |     3 |     4 |     1 ||     8
 Stab: Sleeping          |    11 |    15 |     9 ||    35
       Distracted        |     2 |     1 |     3 ||     6
  Eat: Royal jelly       |       |     1 |       ||     1
       Bread ration      |       |       |     1 ||     1
